 Dungeon Crawl Stone Soup version 0.30-a0-715-gdb4ae3ece1 (webtiles) character file.

Game seed: 515623654090834177

103502 flotson the Fighter (level 15, -1/107 HPs)
             Began as a Demonspawn Delver on Jan 23, 2023.
             Was the Champion of Hepliaklqana.
             Slain by an eleionoma (16 damage)
             ... on level 2 of the Swamp.
             The game lasted 00:57:12 (29813 turns).

flotson the Fighter (Demonspawn Delver)            Turns: 29813, Time: 00:57:13

Health: -1/107     AC: 28    Str: 19    XL:     15   Next: 89%
Magic:  21/21      EV: 13    Int: 13    God:    Hepliaklqana [******]
Gold:   1068       SH:  0    Dex: 14    Spells: 14/14 levels left

rFire   . . .      SeeInvis +    a - +27 heavy crossbow "Sniper" {heavy, Acc+∞ SInv}
rCold   . . .      Faith    .    (shield currently unavailable)
rNeg    + + .      Spirit   .    y - +8 plate armour of the Valley of Death {rN++}
rPois   +          Reflect  .    (helmet unavailable)
rElec   .          Harm     .    s - scarf {shadows}
rCorr   .          Rampage  .    h - +0 pair of gloves {hurl}
Will    +....                    (no boots) Stlth
                                 (no amulet)
HPRegen 0.37/turn                J - +4 ring of protection
MPRegen 0.17/turn                E - ring of poison resistance

@: no status effects
A: reduced essence, antennae 3, repulsion field 2, demonic magic 3
a: Renounce Religion, Recall Ancestor, Ancestor Identity, Transference, Idealise


You were on level 2 of the Swamp.
You worshipped Hepliaklqana.
Hepliaklqana was exalted by your worship.
You visited 5 branches of the dungeon, and saw 25 of its levels.
You also visited: Ossuary, Gauntlet, Ice Cave and Volcano.

You collected 2457 gold pieces.
You spent 1389 gold pieces at shops.

Inventory:

Hand Weapons
 a - the +27 heavy crossbow "Sniper" (weapon) {heavy, Acc+∞ SInv}
   (You bought it in a shop on level 2 of the Orcish Mines)

   Acc+∞: It never misses its target.
   SInv:      It lets you see invisible.
 b - a +1 broad axe of freezing
 Z - the +8 trident "Huigomig" {heavy, rElec rC+ rCorr}
   (You found it on level 6 of the Dungeon)

   rC:        It protects you from cold.
   rElec:     It insulates you from electricity.
   rCorr:     It protects you from acid and corrosion.
Missiles
 e - 2 silver boomerangs
 j - 27 boomerangs
 m - 8 javelins
 o - 17 poisoned darts
 w - 11 boomerangs of dispersal
 H - a throwing net
 P - 6 curare-tipped darts
 S - 2 datura-tipped darts
 X - 2 atropa-tipped darts
Armour
 h - a +0 pair of gloves of hurling (worn)
 s - a scarf of shadows (worn)
 y - the +8 plate armour of the Valley of Death (worn) {rN++}
   (You found it on level 5 of the Dungeon)

   rN:        It greatly protects you from negative energy.
 Q - a scarf of invisibility
Jewellery
 q - a +6 ring of strength
 E - a ring of poison resistance (right hand)
 J - a +4 ring of protection (left hand)
Wands
 g - a wand of digging (2)
 r - a wand of quicksilver (1)
 A - a wand of polymorph (9)
 F - a wand of flame (37)
 I - a wand of iceblast (20)
 M - a wand of mindburst (21)
Scrolls
 c - 3 scrolls of fog
 d - a scroll of magic mapping
 i - 4 scrolls of immolation
 l - 6 scrolls of vulnerability
 p - 2 scrolls of teleportation
 t - 2 scrolls of brand weapon {unknown}
 B - 2 scrolls of torment {unknown}
 D - 3 scrolls of butterflies
 L - a scroll of acquirement {unknown}
 N - 2 scrolls of noise {unknown}
 R - 2 scrolls of poison
 T - a scroll of blinking
 W - a scroll of enchant armour {unknown}
Potions
 f - 10 potions of haste
 k - 14 potions of curing
 n - 4 potions of resistance
 u - 3 potions of ambrosia
 v - 6 potions of heal wounds
 x - 6 potions of attraction
 z - 6 potions of might
 C - 3 potions of berserk rage
 K - 6 potions of lignification
 O - 2 potions of flight


   Skills:
 + Level 11.4 Fighting
 - Level 6.8(8.4) Axes
 - Level 7.3(8.6) Polearms
 * Level 2.8 Ranged Weapons
 - Level 10.0 Throwing
 + Level 10.1 Armour
 + Level 10.2 Dodging
 - Level 5.0 Stealth
 - Level 9.7 Shields
 - Level 8.0 Invocations
 + Level 10.9 Evocations


You had 14 spell levels left.
You didn't know any spells.
Your spell library contained the following spells:

 Spells                   Type           Power      Damage    Failure   Level
 Kiss of Death            Conj/Necr      0%         2d5       99%         1
 Sandblast                Erth           0%         2d4       99%         1
 Slow                     Hex            0%         N/A       99%         1
 Call Imp                 Summ           0%         N/A       100%        2
 Cigotuvi's Dreadful Rot  Necr/Pois/Air  0%         N/A       100%        2
 Poisonous Vapours        Pois/Air       0%         N/A       100%        2
 Call Canine Familiar     Summ           0%         N/A       100%        3
 Confusing Touch          Hex            0%         N/A       100%        3
 Hailstorm                Conj/Ice       0%         3d3       100%        3
 Ignite Poison            Fire/Tmut/Pois 0%         N/A       100%        3
 Mephitic Cloud           Conj/Pois/Air  0%         N/A       100%        3
 Ozocubu's Armour         Ice            0%         N/A       100%        3
 Portal Projectile        Hex/Tloc       0%         N/A       100%        3
 Stone Arrow              Conj/Erth      0%         3d7       100%        3
 Teleport Other           Tloc           0%         N/A       100%        3
 Tukima's Dance           Hex            0%         N/A       100%        3
 Vampiric Draining        Necr           0%         2d6       100%        3
 Vhi's Electric Charge    Tloc/Air       0%         N/A       100%        3
 Animate Armour           Summ/Erth      0%         N/A       100%        4
 Dispel Undead            Necr           0%         3d6       100%        4
 Ice Form                 Ice/Tmut       0%         N/A       100%        4
 Leda's Liquefaction      Hex/Erth       0%         N/A       100%        4
 Passage of Golubria      Tloc           0%         N/A       100%        4
 Sticky Flame             Conj/Fire      0%         2d3       100%        4
 Blade Hands              Tmut           0%         N/A       100%        5
 Irradiate                Conj/Tmut      0%         3d11      100%        5
 Metabolic Englaciation   Hex/Ice        0%         N/A       100%        5
 Summon Forest            Summ/Tloc      0%         N/A       100%        5
 Summon Mana Viper        Hex/Summ       0%         N/A       100%        5
 Yara's Violent Unravell  Hex/Tmut       0%         3d3       100%        5
 Iron Shot                Conj/Erth      0%         9d1       100%        6
 Simulacrum               Ice/Necr       0%         N/A       100%        6
 Statue Form              Tmut/Erth      0%         N/A       100%        6
 Summon Cactus Giant      Summ           0%         N/A       100%        6
 Dragon Form              Tmut           0%         N/A       100%        7
 Haunt                    Necr/Summ      0%         N/A       100%        7
 Borgnjor's Revivificati  Necr           0%         N/A       100%        8
 Ignition                 Fire           0%         3d3       100%        8
 Lehudib's Crystal Spear  Conj/Erth      0%         10d2      100%        8
 Necromutation            Tmut/Necr      0%         N/A       100%        8
 Death's Door             Necr           0%         N/A       100%        9
 Fire Storm               Conj/Fire      0%         5d1       100%        9


Dungeon Overview and Level Annotations

Branches:
Dungeon (15/15)            Temple (1/1) D:7            Lair (5/5) D:8
  Swamp (2/4) Lair:3       Spider (0/4) Lair:3        Slime (0/5) Lair:4
    Orc (2/2) D:12            Elf (0/3) Orc:2        Vaults (0/5) D:14
 Depths (0/4) D:15        Ossuary (visited)           IceCv (visited)
Volcano (visited)         Gauntlet (visited)

Altars:
Ashenzari
Cheibriados
Dithmenos
Fedhas
Gozag
Hepliaklqana
Kikubaaqudgha
Makhleb
Nemelex Xobeh
Okawaru
Qazlal
Ru
Sif Muna
Trog
Uskayaw
Vehumet
Wu Jian
Xom
Yredelemnul
Jiyva

Shops:
D:6 :(*   D:10 [   D:11 (   D:13 (   Orc:2 (=*[

Portals:
Abyss: D:6

Annotations:
D:3 1 runed translucent door


Innate Abilities, Weirdness & Mutations

Your life essence is reduced to manifest your ancestor. (-10% HP)
You have a pair of large antennae on your head. (SInv)
You are surrounded by a moderate repulsion field. (EV +3)
Spells you cast and wands you use may paralyse nearby enemies.


Message History

The eleionoma hits you.
You shoot a bolt. The bolt hits the eleionoma!!!
The eleionoma is almost dead.
The eleionoma touches a tree and draws upon its vitality.
The eleionoma is healed.
The eleionoma splashes around in the water.
The eleionoma barely misses you.
The eleionoma hurls a spray of splinters at you.
The spray of wooden splinters misses you.
You shoot a bolt. The bolt hits the eleionoma!!!
The eleionoma is almost dead.
The eleionoma touches a tree and draws upon its vitality.
The eleionoma is healed.
The eleionoma hurls a spray of splinters at you.
The spray of wooden splinters misses you.
The eleionoma hurls a spray of splinters at you.
The spray of wooden splinters hits you! The eleionoma hits you.
You shoot a bolt. The bolt hits the eleionoma!!
The eleionoma is heavily wounded.
The eleionoma hurls a spray of splinters at you.
The spray of wooden splinters hits you.
The eleionoma hits you but does no damage.
The eleionoma hurls a spray of splinters at you.
The spray of wooden splinters hits you but does no damage.
The eleionoma hits you!
You are too injured to fight recklessly!
You are too injured to fight recklessly!
You are too injured to fight recklessly!
Fire: a) +27 heavy crossbow "Sniper" {heavy, Acc+∞ SInv}
Press: ? - help, Q - select action, (/) - cycle Shift-Dir - straight line, f/p - eleionoma
Aim: an eleionoma (heavily wounded, 100% to hit)
You shoot a bolt. The bolt hits the eleionoma!!
The eleionoma is almost dead.
The eleionoma touches a tree and draws upon its vitality.
The eleionoma is healed.
The eleionoma hits you!
The eleionoma hurls a spray of splinters at you.
The spray of wooden splinters hits you!!
* * * LOW HITPOINT WARNING * * *
The eleionoma hits you!
You die...

~~~~~~ ~~.~~.
♣♣♣ ~§$...
♣..♣♣....♣~
.~♣~.§.§~
♣R...♣♣.
♣~@†§♣..
♣♣..~....§
♣~~...~~..
♣♣♣...~~.♣~.
♣~....~.....
♣.~...~~~.~♣
♣...~~~~~.♣
♣~...§~~~~♣
♣♣.....~~~.♣♣


You could see an eleionoma.

Vanquished Creatures
  A frost giant (D:15)
  Louise (D:14)
  An eleionoma (Swamp:1)
  A bunyip (Swamp:1)
  Josephine (D:10)
  Erolcha (D:10)
  5 centaur warriors
  4 hydras
  4 catoblepae
  An alligator (Swamp:2)
  2 boulder beetles
  2 two-headed ogres
  2 tengu warriors (D:15)
  An orc high priest (Orc:2)
  A goliath frog (Swamp:1)
  Pikel (D:6)
  A necromancer (IceCv)
  3 orc knights (Orc:2)
  A will-o-the-wisp (Swamp:2)
  4 deep elf pyromancers
  8 ugly things
  2 orc sorcerers (Orc:2)
  An oklob plant (Lair:4)
  2 manticores
  2 cyclopes
  8 cane toads
  2 gargoyles
  A torpor snail (shapeshifter) (D:15)
  A freezing wraith (IceCv)
  A rime drake (Lair:4)
  7 komodo dragons
  4 ice devils (IceCv)
  An anaconda simulacrum (IceCv)
  4 trolls
  Grinder (D:5)
  3 meliai (D:11)
  A bloated husk (Swamp:1)
  A polar bear (Lair:4)
  A tarantella (shapeshifter) (D:13)
  A raiju (Gauntlet)
  2 hornets
  6 slime creatures
  4 blink frogs
  2 tyrant leeches (Lair:5)
  A jumping spider (Lair:3)
  Sigmund (D:2)
  8 shadows
  5 wraiths
  17 yaks
  3 dire elephant simulacra (IceCv)
  2 fire bats (D:12)
  5 fire elementals (Volcano)
  4 wyverns
  3 vampires (D:12)
  3 basilisks
  10 humans (D:14)
  A redback (Lair:3)
  3 steam dragons
  12 vampire mosquitoes
  2 death yak simulacra (IceCv)
  A warg (Orc:2)
  A swamp worm (Swamp:1)
  2 harpy simulacra (IceCv)
  14 water moccasins
  3 hydra simulacra (IceCv)
  4 hell hounds (Volcano)
  18 orc warriors
  2 sky beasts
  3 black bears
  An ice beast (D:6)
  3 ogres
  11 wolves
  The ghost of rogsnak the Digger, an amateur DrEE (D:3)
  4 boggarts (D:14)
  A lemure (D:7)
  15 centaurs
  A kobold brigand (D:9)
  A gnoll sergeant (D:6)
  9 bullfrogs
  A cane toad simulacrum (IceCv)
  3 wights (D:9)
  5 killer bees (D:9)
  5 elephant simulacra (IceCv)
  The ghost of flotson the Sneak, a weakling DsDe (D:6)
  An electric eel (Lair:5)
  2 hounds (D:7)
  2 small abominations (D:6)
  18 orc priests
  A jelly (D:6)
  A gnoll bouda (D:9)
  11 orc wizards
  2 polar bear simulacra (IceCv)
  A wolf simulacrum (IceCv)
  2 hound zombies (Ossuary)
  4 mummies (Ossuary)
  3 gnolls (D:9)
  3 adders
  2 naga simulacra (IceCv)
  6 white imps
  2 ufetubi
  An adder zombie (Ossuary)
  A worm (D:3)
  4 dart slugs
  38 orcs
  29 bats
  7 endoplasms
  5 giant cockroaches
  10 goblins
  6 hobgoblins
  3 jackals (D:2)
  7 kobolds
  3 quokkas
  10 ball pythons
  7 frilled lizards
  2 goblin zombies (Ossuary)
  A hobgoblin zombie (D:7)
  A jackal zombie (Ossuary)
  3 kobold zombies (Ossuary)
  2 rats (D:1)
  4 rat zombies
499 creatures vanquished.

Vanquished Creatures (collateral kills)
  Kirke (Lair:4)
  An orc warlord (Orc:1)
  A bunyip (Swamp:1)
  A minotaur (Gauntlet)
  An ettin (Orc:2)
  A fire dragon (D:15)
  3 centaur warriors
  3 hydras
  2 two-headed ogres
  An alligator (Swamp:1)
  An orc high priest (Orc:2)
  Urug (D:11)
  A pharaoh ant (Lair:3)
  A spriggan druid (Swamp:1)
  A goliath frog (Lair:5)
  A deep elf archer (Volcano)
  A flayed ghost (D:12)
  4 orc knights
  2 deep elf pyromancers
  5 ugly things
  A cyclops (D:12)
  An orc sorcerer (Orc:1)
  2 oklob plants
  An ice statue (IceCv)
  A gargoyle (D:12)
  2 torpor snails (Gauntlet)
  11 cane toads
  A black mamba (Lair:2)
  3 komodo dragons
  An unseen horror (D:12)
  A rime drake (Lair:3)
  6 ice devils (IceCv)
  2 trolls
  A bloated husk (Swamp:2)
  A polar bear (Lair:4)
  2 tyrant leeches
  9 blink frogs
  A jumping spider (Lair:3)
  A culicivora (shapeshifter) (D:15)
  8 slime creatures
  2 wraiths (D:12)
  A shadow (D:12)
  A yak (shapeshifter) (D:13)
  2 fire bats (D:12)
  2 vampires (D:11)
  2 humans (D:14)
  20 yaks
  3 hogs (Lair:4)
  4 basilisks
  5 vampire mosquitoes (Lair:5)
  3 death yak simulacra (IceCv)
  A swamp worm (Swamp:1)
  An acid dragon (D:13)
  6 water moccasins
  2 hydra simulacra (IceCv)
  15 orc warriors
  9 wolves
  2 ogres
  A boggart (D:14)
  2 centaurs
  10 bullfrogs
  A two-headed ogre simulacrum (IceCv)
  A cane toad simulacrum (IceCv)
  An elephant simulacrum (IceCv)
  An electric eel (Lair:3)
  5 orc priests
  9 orc wizards
  3 polar bear simulacra (IceCv)
  A wolf simulacrum (IceCv)
  A naga simulacrum (IceCv)
  8 white imps
  29 orcs
  21 bats (D:12)
264 creatures vanquished.

Vanquished Creatures (others)
  A yak (Lair:5)
  A centaur (D:14)
  26 battlemagi
  2 ancestors
  3 demonic plants (Gauntlet)
  3 foxfires (Swamp:2)
  36 fungi
  98 plants
  A withered plant (D:9)
171 creatures vanquished.

Grand Total: 934 creatures vanquished

Notes
Turn   | Place    | Note
-------+----------+-------------------------------------------
     0 | D:5      | flotson the Demonspawn Delver began the quest for the Orb.
     0 | D:5      | Reached XP level 1. HP: 18/18 MP: 1/1
    14 | D:4      | Noticed an orc priest
    68 | D:4      | Identified the +7 short sword of Death's Door {flame, Drain
                  | rC+++ Int-4 Stlth+}
    94 | D:3      | Found a runed translucent door.
   154 | D:3      | Gained mutation: You are surrounded by a mild repulsion
                  | field. (EV +2) [demonic ancestry]
   154 | D:3      | Reached XP level 2. HP: 24/24 MP: 2/2
   565 | D:1      | Gained mutation: You are surrounded by a moderate repulsion
                  | field. (EV +3) [demonic ancestry]
   565 | D:1      | Reached XP level 3. HP: 29/29 MP: 3/3
  1205 | D:2      | Reached skill level 1 in Evocations
  1355 | D:2      | Noticed Sigmund
  1368 | D:2      | Killed Sigmund
  1369 | D:2      | Reached skill level 1 in Throwing
  1369 | D:2      | Reached skill level 1 in Armour
  1369 | D:2      | Reached skill level 5 in Stealth
  1369 | D:2      | Reached skill level 1 in Shields
  1369 | D:2      | Gained mutation: You have a pair of small antennae on your
                  | head. [demonic ancestry]
  1369 | D:2      | Reached XP level 4. HP: 17/35 MP: 4/4
  1369 | D:2      | Gained mutation: You have a pair of antennae on your head.
                  | [demonic ancestry]
  1369 | D:2      | Reached XP level 5. HP: 20/41 MP: 5/5
  1702 | D:2      | Found a burning altar of Makhleb.
  1835 | D:3      | Found a sacrificial altar of Ru.
  1855 | D:3      | Found a shimmering blue altar of Sif Muna.
  1904 | D:3      | Found a runed translucent door.
  1909 | D:3      | Noticed rogsnak's ghost (amateur DrEE)
  1944 | D:3      | Reached XP level 6. HP: 24/48 MP: 6/6
  2367 | D:4      | Found a hide-covered altar of Uskayaw.
  3012 | D:5      | Noticed Grinder
  3024 | D:5      | Killed Grinder
  3025 | D:5      | Reached skill level 4 in Fighting
  3025 | D:5      | Reached XP level 7. HP: 22/54 MP: 7/7
  3387 | D:5      | Found a broken altar of Ashenzari.
  3763 | D:5      | Identified the +8 plate armour of the Valley of Death
                  | {rN++}
  4454 | D:3      | Killed rogsnak's ghost
  4534 | D:6      | Found a transporter.
  4541 | D:6      | Identified the +8 trident "Huigomig" {heavy, rElec rC+
                  | rCorr}
  4547 | D:6      | Found a transporter.
  4581 | D:6      | Gained mutation: You have a pair of large antennae on your
                  | head. (SInv) [demonic ancestry]
  4581 | D:6      | Reached XP level 8. HP: 42/56 MP: 8/8
  4642 | D:6      | Noticed a green ugly thing
  4653 | D:6      | Found a one-way gate to the infinite horrors of the Abyss.
  4659 | D:6      | Found Tuifysch's Book Shoppe.
  4677 | D:6      | Found an iron altar of Okawaru.
  5034 | D:6      | Found Wogriepol's Assorted Antiques.
  5050 | D:6      | Bought a scroll labelled PESY ZANEATUV for 24 gold pieces
  5050 | D:6      | Bought a puce potion for 21 gold pieces
  5050 | D:6      | Bought a scroll labelled PESY ZANEATUV for 24 gold pieces
  5050 | D:6      | Bought a scroll labelled PESY ZANEATUV for 24 gold pieces
  5050 | D:6      | Bought a gold wand for 96 gold pieces
  5110 | D:6      | Found Ifex's Weapon Shop.
  5277 | D:6      | Reached skill level 5 in Fighting
  5390 | D:7      | Reached skill level 1 in Polearms
  5394 | D:7      | Found a staircase to the Ecumenical Temple.
  5402 | Temple   | Entered the Ecumenical Temple
  5543 | D:7      | Found a sand-covered staircase.
  5557 | Ossuary  | Entered an ossuary
  5785 | D:7      | Reached XP level 9. HP: 63/68 MP: 9/9
  6304 | D:7      | Noticed Pikel
  6328 | D:6      | Killed Pikel
  6475 | D:8      | Found a staircase to the Lair.
  7191 | D:9      | Found an opulent altar of Gozag.
  7197 | D:9      | Found an ancient bone altar of Kikubaaqudgha.
  7205 | D:9      | Found a snail-covered altar of Cheibriados.
  7274 | D:9      | Reached skill level 6 in Fighting
  7274 | D:9      | Reached skill level 5 in Dodging
  7274 | D:9      | Reached skill level 5 in Evocations
  7525 | D:9      | Found a bloodstained altar of Trog.
  7638 | D:9      | Reached XP level 10. HP: 51/76 MP: 10/10
  7645 | D:9      | Paralysed by a hornet for 2 turns
  8078 | D:9      | Found a basalt altar of Yredelemnul.
  8164 | D:9      | Noticed a gargoyle
  8166 | D:9      | Killed a gargoyle
  8167 | D:9      | Reached skill level 5 in Throwing
  8167 | D:9      | Found a faded altar of an unknown god.
  8167 | D:9      | Found a hazy altar of Hepliaklqana.
  8174 | D:9      | Became a worshipper of Hepliaklqana the Forgotten
  8369 | D:10     | Entered Level 10 of the Dungeon
  8385 | D:10     | Noticed Erolcha
  8471 | D:10     | Noticed a purple ugly thing
  8480 | D:10     | Killed a purple ugly thing
  8481 | D:10     | Reached skill level 5 in Armour
  8481 | D:10     | Reached skill level 5 in Shields
  8481 | D:10     | Reached skill level 1 in Invocations
  8607 | D:10     | Got the Compendium of Inflammable Transposition
  9018 | D:10     | Found a blossoming altar of Fedhas.
  9091 | D:10     | Found a stormy altar of Qazlal.
  9236 | D:10     | Found Wetuloba's Superior Scales.
  9251 | D:10     | Killed Erolcha
  9312 | D:10     | Noticed Josephine
  9325 | D:10     | Killed Josephine
  9326 | D:10     | Reached skill level 7 in Fighting
  9524 | D:6      | Noticed flotson's ghost (weakling DsDe)
  9600 | Lair:1   | Entered Level 1 of the Lair of Beasts
  9608 | Lair:1   | Gained mutation: Spells you cast may paralyse adjacent
                  | enemies. [demonic ancestry]
  9608 | Lair:1   | Reached XP level 11. HP: 84/84 MP: 13/13
  9887 | Lair:1   | Reached * piety under Hepliaklqana
 10008 | Lair:1   | Noticed a catoblepas
 10024 | Lair:1   | Killed a catoblepas
 10394 | Lair:1   | Identified the +9 rapier of Sodontoi {heavy, Int+4}
 11037 | Lair:2   | Found a dark tunnel.
 11045 | Volcano  | Entered a volcano
 11269 | Volcano  | Noticed a deep elf pyromancer
 11270 | Volcano  | Noticed a deep elf pyromancer
 11280 | Volcano  | Killed a deep elf pyromancer
 11301 | Volcano  | Killed a deep elf pyromancer
 11399 | Volcano  | Noticed a deep elf pyromancer
 11406 | Volcano  | Killed a deep elf pyromancer
 11407 | Volcano  | Reached skill level 5 in Polearms
 11407 | Volcano  | Reached skill level 5 in Invocations
 11474 | Volcano  | Noticed a deep elf pyromancer
 11474 | Volcano  | Noticed a deep elf archer
 11488 | Volcano  | Killed a deep elf archer
 11489 | Volcano  | Killed a deep elf pyromancer
 11687 | Volcano  | Identified the +2 cloak "Izxafoon" {Int+3}
 12118 | Lair:2   | Reached ** piety under Hepliaklqana
 12119 | Lair:2   | Remembered your ancestor Cipactli as a battlemage
 12307 | Lair:2   | Reached XP level 12. HP: 82/82 MP: 16/16
 12729 | Lair:3   | Reached skill level 8 in Fighting
 12995 | Lair:3   | Found a staircase to the Swamp.
 13013 | Lair:3   | Noticed a catoblepas
 13022 | Lair:3   | Killed a catoblepas
 13271 | Lair:3   | Reached *** piety under Hepliaklqana
 13534 | Lair:3   | Found a hole to the Spider Nest.
 13945 | Lair:4   | Noticed a seven-headed hydra
 13950 | Lair:4   | Killed a seven-headed hydra
 14156 | Lair:4   | Noticed a catoblepas
 14164 | Lair:4   | Killed a catoblepas
 14568 | Lair:4   | Reached **** piety under Hepliaklqana
 14648 | Lair:4   | Gained mutation: Spells you cast may paralyse nearby
                  | enemies. [demonic ancestry]
 14648 | Lair:4   | Reached XP level 13. HP: 73/89 MP: 18/18
 15010 | Lair:4   | Noticed Kirke
 15402 | Lair:4   | Killed Kirke
 15450 | Lair:4   | Found a viscous altar of Jiyva.
 15451 | Lair:4   | Found a staircase to the Slime Pits.
 15796 | Lair:5   | Entered Level 5 of the Lair of Beasts
 16158 | Lair:5   | Reached skill level 9 in Fighting
 18598 | D:6      | Killed flotson's ghost
 18826 | D:11     | Found Sorhifot's Weapon Boutique.
 19140 | D:11     | Noticed Urug
 19147 | D:11     | Killed Urug
 20217 | D:12     | Gained mutation: Spells you cast and wands you use may
                  | paralyse nearby enemies. [demonic ancestry]
 20217 | D:12     | Reached XP level 14. HP: 98/98 MP: 20/20
 20224 | D:12     | Found a hide-covered altar of Uskayaw.
 20380 | D:12     | Found a runed translucent door.
 20385 | D:12     | Found a snail-covered altar of Cheibriados.
 20398 | D:12     | Found a snail-covered altar of Cheibriados.
 20411 | D:12     | Found a sparkling altar of Nemelex Xobeh.
 20415 | D:12     | Found a hide-covered altar of Uskayaw.
 20499 | D:12     | Found a sacrificial altar of Ru.
 20521 | D:12     | Found a radiant altar of Vehumet.
 20575 | D:12     | Identified the ring "Vyffob" {Ice Str+2}
 20909 | D:12     | Reached ***** piety under Hepliaklqana
 21004 | D:12     | Found a staircase to the Orcish Mines.
 21578 | D:13     | Reached skill level 10 in Fighting
 21728 | D:13     | Reached skill level 5 in Axes
 21928 | D:13     | Found Necorririr's Antique Weapon Emporium.
 22506 | D:14     | Found a gate to the Vaults.
 22529 | D:14     | Found a gate leading to a gauntlet.
 22545 | D:14     | HP: 3/99 [centaur warrior/+0 long sword (13)]
 22545 | D:14     | HP: 1/99 [centaur warrior/+0 long sword (2)]
 22800 | Gauntlet | Entered a Gauntlet
 22800 | Gauntlet | Found a transporter.
 22939 | Gauntlet | Found a transporter.
 22951 | Gauntlet | Found a transporter.
 22955 | Gauntlet | Found a transporter.
 22963 | Gauntlet | Found a transporter.
 22967 | Gauntlet | Found a transporter.
 22975 | Gauntlet | Found a transporter.
 22992 | Gauntlet | Found a transporter.
 23006 | Gauntlet | Found a transporter.
 23010 | Gauntlet | Found a transporter.
 23018 | Gauntlet | Found a transporter.
 23022 | Gauntlet | Found a transporter.
 23388 | Gauntlet | Identified the +5 scale mail of the Evening {rC+ Int+2
                  | Dex-4}
 23403 | Gauntlet | Reached skill level 10 in Evocations
 23410 | Gauntlet | Got the Atlas of Phantasmal Stones
 23763 | D:14     | Found an opulent altar of Gozag.
 23905 | D:14     | Noticed Louise
 23914 | D:14     | Killed Louise
 24178 | D:15     | Entered Level 15 of the Dungeon
 24607 | D:15     | Reached XP level 15. HP: 105/105 MP: 21/21
 25530 | D:15     | Found a staircase to the Depths.
 25530 | D:15     | Noticed a frost giant
 25539 | D:15     | Killed a frost giant
 26034 | Orc:1    | Entered Level 1 of the Orcish Mines
 26052 | Orc:1    | Found a frozen archway.
 26200 | IceCv    | Entered an ice cave
 27053 | IceCv    | Reached skill level 11 in Fighting
 27073 | IceCv    | Found an ancient bone altar of Kikubaaqudgha.
 27204 | Orc:2    | Entered Level 2 of the Orcish Mines
 27206 | Orc:2    | Found Qoabb's Antique Armour Shoppe.
 27216 | Orc:2    | Found a staircase to the Elven Halls.
 27476 | Orc:2    | Found Tef Doh's Jewellery Boutique.
 27480 | Orc:2    | Reached skill level 10 in Dodging
 27724 | Orc:2    | Reached ****** piety under Hepliaklqana
 27842 | Orc:2    | Found Akamonurr's General Store.
 27946 | Orc:2    | Bought the +27 heavy crossbow "Sniper" {heavy, Acc+∞ SInv}
                  | for 1200 gold pieces
 27946 | Orc:2    | Found the +27 heavy crossbow "Sniper" {heavy, Acc+∞ SInv}
 27993 | Orc:2    | Found Edwon's Antique Weapon Emporium.
 28403 | Orc:2    | Reached skill level 1 in Ranged Weapons
 29175 | Swamp:1  | Entered Level 1 of the Swamp
 29205 | Swamp:1  | Reached skill level 10 in Armour
 29408 | Swamp:1  | Reached skill level 10 in Throwing
 29813 | Swamp:2  | Slain by an eleionoma

Illustrated notes

Levels and vault maps discovered:
D:1:      dpeg_arrival_three_smaller_balls, layout_basic, kennysheep_boxes
D:2:      layout_loops_ring, basic_altar, uniq_sigmund
D:3:      layout_rooms, nicolae_ru_awakened_eye, lemuel_tele_altar,
          ebering_ghost_sewer_f
D:4:      layout_basic, overflow_temple_1_default, minmay_misc_feat_square,
          minmay_diced_spiral
D:5:      layout_layer_cave, ashenzari_conservatory_becter,
          nicolae_eternal_life, chequers_big_river, uniq_grinder
D:6:      layout_basic, okawaru_trees_1, serial_shops, nicolae_shop_statue_plus,
          shop, nicolae_shop_hallway_stairs, gammafunk_ghost_abyssal_escape
D:7:      layout_basic, mainiacjoe_overflow_catwalk, minmay_temple_entry_glass,
          enter_ossuary_3, uniq_pikel
D:8:      layout_rooms, lair_entry_dummy, chequers_arboretum
D:9:      layout_roguey, yredelemnul_altar_generic,
          beargit_hepliaklqana_dungeon_heroes, minmay_overflow_temple_star_quad,
          grunt_temple_overflow_open
D:10:     layout_cave_pools, grunt_qazlal_clouds,
          mainiacjoe_overflow_small_starburst, nrook_uturn, hellmonk_scale_shop,
          uniq_josephine, uniq_erolcha
D:11:     layout_cave_pods, serial_shops, kennysheep_mini_moat,
          lemuel_nasty_fountain, uniq_urug
D:12:     due_megacathedral, layout_stronghold, hiddenorc1_lemuel,
          eat_drink_and_be_merry_uskayaw
D:13:     layout_roguey, serial_shops, nicolae_shop_behind_doors
D:14:     layout_basic, david_vaults_3, nicolae_gozag_seed_capital,
          gauntlet_entry_generic, uniq_louise
D:15:     grunt_enter_depths_snipers, layout_stronghold
Temple:   nicolae_temple_great_sept
Lair:1:   layout_small_grid, st_stairs_12
Lair:2:   layout_big_grid, nicolae_volcano_entry_hallway
Lair:3:   layout_hall_layers, swamp_mist_pool,
          nicolae_spider_entry_lesser_pyramids, grunt_megastairs_2,
          infiniplex_staircase_pool
Lair:4:   layout_layer_cave, dpeg_slime_entry_enclosed, serial_forest,
          infiniplex_forest_clump_medium, infiniplex_forest_straight_2,
          infiniplex_forest_side_room, infiniplex_forest_end_1,
          infiniplex_forest_clump_small, infiniplex_forest_lined_2,
          infiniplex_forest_corner_2, infiniplex_forest_lined_corner,
          infiniplex_forest_clump_long, uniq_kirke
Lair:5:   minmay_lair_end_frog_pond, layout_big_grid, serial_bayou_shore_b
Swamp:1:  layout_basic_swamp, evilmike_swamp_ruin_house_3, swamp_pool2
Swamp:2:  layout_basic_swamp, evilmike_swamp_ruin_house_5
Orc:1:    layout_caves, portal_ice_cave_entry_imps
Orc:2:    grunt_orc_gardens, layout_diamond_mine, grunt_orc_garden,
          grunt_orc_garden, grunt_orc_garden, grunt_orc_garden

Skill      XL: |  1  2  3  4  5  6  7  8  9 10 11 12 13 14 15 |
---------------+----------------------------------------------+-----
Dodging        | 2 3 4 5 6 7 8 9 10 | 10.2
Axes           | 2 3 4 6 |  6.8
Evocations     | 1 2 3 4 5 6 7 8 9 10 | 10.9
Throwing       | 1 2 3 4 5 6 7 8 9 10 | 10.0
Armour         | 1 2 3 4 5 6 7 8 9 10 | 10.1
Stealth        | 5 |  5.0
Shields        | 1 2 3 4 5 6 7 8 9 |  9.7
Fighting       | 4 5 6 7 8 9 10 11 | 11.4
Polearms       | 1 3 4 5 6 7 |  7.3
Invocations    | 3 5 7 8 |  8.0
Ranged Weapons | 2 |  2.8

Action                     |  1- 3 |  4- 6 |  7- 9 | 10-12 | 13-15 || total
---------------------------+-------+-------+-------+-------+-------++-------
  Melee: Short sword       |    77 |    94 |    38 |       |       ||   209
         Hand axe          |     3 |       |       |       |       ||     3
         Trident           |       |       |   217 |   395 |   780 ||  1392
         Unarmed           |       |       |       |       |     6 ||     6
         Broad axe         |       |       |       |       |    18 ||    18
   Fire: Heavy crossbow    |       |       |       |       |    68 ||    68
  Throw: Boomerang         |       |       |       |     6 |       ||     6
         Dart              |       |       |       |    10 |    14 ||    24
         Javelin           |       |       |       |       |     6 ||     6
 Invoke: Ancestor Life: Ba |       |       |       |     1 |       ||     1
         Recall Ancestor   |       |       |       |       |     8 ||     8
  Evoke: Wand              |       |       |       |     9 |     7 ||    16
    Use: Scroll            |       |       |     1 |    23 |    15 ||    39
         Potion            |       |       |       |     3 |    10 ||    13
   Stab: Sleeping          |    11 |     2 |       |       |       ||    13
         Distracted        |       |     1 |       |     8 |    20 ||    29
         Petrified         |       |       |       |       |     1 ||     1
         Invisible         |       |       |       |       |     3 ||     3
 Armour: Scale mail        |    18 |    30 |     2 |       |       ||    50
         Leather armour    |     1 |       |       |       |       ||     1
         Plate armour      |       |       |   301 |   322 |   610 ||  1233
  Dodge: Dodged            |    29 |    67 |   187 |   270 |   560 ||  1113
  Block: Buckler           |     3 |    18 |   116 |   155 |   280 ||   572
         Tower shield      |       |       |       |       |   210 ||   210

Table legend: (Time is in decaauts)
 A = Elapsed time spent in this place.
 B = Non-inter-level travel time spent in this place.
 C = Inter-level travel time spent in this place.
 D = Time resting spent in this place.
 E = Time spent auto-exploring this place.
 F = Levels seen in this place.
 G = Mean time per level.
                   A        B        C        D        E       F      G
               +--------+--------+--------+--------+--------+-----+--------+
         Total |  30852 |  29020 |   1832 |   2302 |  20850 |  29 | 1063.9 |
       Dungeon |  16409 |  15272 |   1137 |    186 |  12120 |  15 | 1093.9 |
        Temple |    103 |     90 |     13 |      0 |     83 |   1 |  103.0 |
          Lair |   8520 |   7991 |    529 |   1689 |   4997 |   5 | 1704.0 |
         Swamp |    780 |    737 |     43 |      0 |    563 |   2 |  390.0 |
  Orcish Mines |   2125 |   2015 |    110 |    355 |   1228 |   2 | 1062.5 |
       Ossuary |    197 |    197 |      0 |      0 |    105 |   1 |  197.0 |
      Ice Cave |   1047 |   1047 |      0 |     72 |    622 |   1 | 1047.0 |
       Volcano |    758 |    758 |      0 |      0 |    530 |   1 |  758.0 |
      Gauntlet |    909 |    909 |      0 |      0 |    600 |   1 |  909.0 |
               +--------+--------+--------+--------+--------+-----+--------+

Top non-repeatable levels by time:
  Lair:4: 3434 daAuts
    D:15: 1843 daAuts
     D:9: 1690 daAuts
  Lair:1: 1596 daAuts
    D:11: 1443 daAuts
     D:5: 1434 daAuts
    D:12: 1407 daAuts
  Lair:3: 1325 daAuts
  Lair:5: 1249 daAuts
   Orc:2: 1187 daAuts
     D:6: 1081 daAuts
    D:13: 1066 daAuts
   IceCv: 1047 daAuts
     D:1: 981 daAuts
    D:10: 948 daAuts
